 Dungeon Crawl Stone Soup version 0.31-a0-940-gdaa99269f9 (webtiles) character file.

Game seed: 10367061008363526305

22892 greenreed the Warrior (level 12, -6/122 HPs)
             Began as a Minotaur Fighter on Oct 21, 2023.
             Was a High Priest of Wu Jian.
             Mangled by a boulder beetle (24 damage)
             ... on level 13 of the Dungeon.
             The game lasted 00:30:45 (12532 turns).

greenreed the Warrior (Minotaur Fighter)           Turns: 12532, Time: 00:30:45

Health: -6/122     AC: 32    Str: 25    XL:     12   Next: 67%
Magic:  11/11      EV:  9    Int:  5    God:    Wu Jian [*****.]
Gold:   1167       SH:  7    Dex: 11    Spells: 11/11 levels left

rFire   . . .        w - +0 whip (elec)
rCold   . . .        c - +0 buckler
rNeg    . . .        L - +18 Lear's hauberk
rPois   +            (helmet currently unavailable)
rElec   .            i - +1 cloak of the Earth {Will+}
rCorr   .            (gloves currently unavailable)
SInv    .            (boots currently unavailable)
Will    ++...        g - amulet of faith Stlth
                     n - ring of Xoitisok {Fly rPois}
HPRegen 0.40/turn    R - ring of willpower
MPRegen 0.12/turn

%: faith
@: mighty, lethally poisoned (-6 -> -7), flying
A: horns 2, retaliatory headbutt
a: Renounce Religion, Wall Jump, Serpent's Lash, Heavenly Storm


You were on level 13 of the Dungeon.
You worshipped Wu Jian.
Wu Jian was extremely pleased with you.
You visited 2 branches of the dungeon, and saw 14 of its levels.

You collected 1167 gold pieces.

Inventory:

Hand Weapons
 a - a +0 flail
 w - a +0 whip of electrocution (weapon)
 C - a +0 mace of holy wrath
 I - a +0 whip of venom
 K - a +0 whip of freezing
 M - a +5 heavy sling
Missiles
 P - 2 atropa-tipped darts
Armour
 c - a +0 buckler (worn)
 i - the +1 cloak of the Earth (worn) {Will+}
   (You found it on level 10 of the Dungeon)

   Will+:     It increases your willpower.
 D - a +0 pair of boots
 J - a +0 plate armour
 L - the +18 Lear's hauberk (worn)
   (You found it on level 10 of the Dungeon)
Jewellery
 e - a ring of fire
 g - an amulet of faith (around neck)
 n - the ring of Xoitisok (left hand) {Fly rPois}
   (You found it on level 2 of the Dungeon)

   [ring of flight]

   rPois:     It protects you from poison Fly: It grants you flight.
 p - a ring of ice
 r - a +6 ring of dexterity
 v - an amulet of reflection
 Q - a +6 ring of dexterity
 R - a ring of willpower (right hand)
Wands
 A - a wand of polymorph (18)
 B - a wand of light (13)
 F - a wand of flame (66)
 N - a wand of mindburst (9)
 O - a wand of charming (7)
Scrolls
 b - 3 scrolls of blinking {unknown}
 h - 7 scrolls of teleportation {unknown}
 j - a scroll of fear {unknown}
 k - 4 scrolls of noise {unknown}
 l - 15 scrolls of identify {unknown}
 o - 2 scrolls of poison {unknown}
 s - 4 scrolls of enchant armour {unknown}
 u - a scroll of amnesia {unknown}
 x - 2 scrolls of immolation {unknown}
 y - 3 scrolls of revelation {unknown}
 G - 2 scrolls of torment {unknown}
 U - a scroll of brand weapon {unknown}
Potions
 d - a potion of might
 f - 3 potions of enlightenment {unknown}
 m - 6 potions of heal wounds {unknown}
 q - 3 potions of curing {unknown}
 t - 4 potions of mutation {unknown}
 z - a potion of resistance {unknown}
 E - 4 potions of lignification {unknown}
 H - a potion of brilliance {unknown}
 S - a potion of magic {unknown}
 T - a potion of berserk rage {unknown}
 V - a potion of cancellation {unknown}


   Skills:
 * Level 16.2 Fighting
 - Level 12.3 Maces & Flails
 + Level 11.9 Armour
 + Level 11.9 Shields


You had 11 spell levels left.
You didn't know any spells.
Your spell library contained the following spells:

 Spells                   Type           Power      Damage    Failure   Level
 Apportation              Tloc           0%         N/A       92%         1
 Foxfire                  Conj/Fire      0%         2x1d4     92%         1
 Necrotise                Necr           0%         1d4       92%         1
 Shock                    Conj/Air       0%         1d3       92%         1
 Summon Small Mammal      Summ           0%         N/A       92%         1
 Cigotuvi's Dreadful Rot  Necr/Pois/Air  0%         N/A       98%         2
 Passwall                 Tmut/Erth      0%         N/A       98%         2
 Call Canine Familiar     Summ           0%         N/A       100%        3
 Dazzling Flash           Conj/Hex       0%         N/A       100%        3
 Sigil of Binding         Hex            0%         N/A       100%        3
 Stone Arrow              Conj/Erth      0%         3d7       100%        3
 Swiftness                Air            0%         N/A       100%        3
 Volatile Blastmotes      Fire/Tloc      0%         2d10      100%        3
 Airstrike                Air            0%         2d(0-16)  100%        4
 Animate Armour           Summ/Erth      0%         N/A       100%        4
 Dimensional Bullseye     Hex/Tloc       0%         N/A       100%        4
 Dispel Undead            Necr           0%         3d6       100%        4
 Leda's Liquefaction      Hex/Erth       0%         N/A       100%        4
 Petrify                  Tmut/Erth      0%         N/A       100%        4
 Vhi's Electric Charge    Tloc/Air       0%         N/A       100%        4
 Arcjolt                  Conj/Air       0%         1d10      100%        5
 Death Channel            Necr           0%         N/A       100%        6
 Plasma Beam              Fire/Air       0%         2x1d10    100%        6
 Starburst                Conj/Fire      0%         6d3       100%        6
 Maxwell's Capacitive Co  Air            0%         ∞         100%        8


Dungeon Overview and Level Annotations

Branches:
Dungeon (13/15)            Temple (1/1) D:5            Lair (0/5) D:8
    Orc (0/2) D:11
 Vaults: D:13-14

Altars:
Ashenzari
Cheibriados
Dithmenos
Elyvilon
Fedhas
Gozag
Hepliaklqana
Kikubaaqudgha
Makhleb
Nemelex Xobeh
Okawaru
Qazlal
Ru
Sif Muna
Trog
Uskayaw
Vehumet
Wu Jian
Xom
Yredelemnul
Zin
The Shining One

Shops:
D:3 =   D:4 [

Annotations:
D:4 3 runed translucent doors, TheFist's ghost, weakling OpSh


Innate Abilities, Weirdness & Mutations

You have a pair of horns on your head.
You reflexively headbutt those who attack you in melee.


Message History

a +0 broad axe; a +0 leather armour; a meliai corpse Unknown command.
You spin and attack the wraith.
You hit the wraith but do no damage.
The wraith is moderately damaged.
You spin and attack the boulder beetle repeatedly.
You hit the boulder beetle but do no damage.
The boulder beetle is severely wounded.
You hit the boulder beetle.
The boulder beetle is severely wounded.
You feel very sick.
The boulder beetle leaps!
The wraith barely misses you.
Things that are here:
a +1 hand axe of electrocution; a +0 leather armour Unknown command.
You spin and attack the wraith repeatedly.
You hit the wraith. You headbutt the wraith!
The wraith is severely damaged.
You closely miss the wraith. You headbutt the wraith.
The wraith is almost destroyed.
You feel sick. The wraith completely misses you. You furiously retaliate!
You headbutt the wraith!!
You destroy the wraith!
The Council accepts your kill.
The boulder beetle curls into a ball and begins rolling!
You feel sick.
Things that are here:
a +1 hand axe of electrocution; a +0 leather armour You feel sick.
You feel sick.
You feel sick.
You feel sick.
You lunge at the boulder beetle, in a flurry of attacks.
You hit the boulder beetle but do no damage.
You headbutt the boulder beetle.
The boulder beetle is severely wounded.
You barely miss the boulder beetle.
You headbutt the boulder beetle, but do no damage.
The boulder beetle is severely wounded.
You feel sick. The boulder beetle hits you!!
You die...

##### #### # #...# #####
#####.<. ...
#...####...###...#.>.
○°..####))..##..............
..°.....°°B@................
....<...)...................
.....................)......
.....................†......
.....................>......
............................
............................
............................
..........!.................


You could see a boulder beetle (rolling).

Vanquished Creatures
  Snorg (D:10)
  A catoblepas (D:9)
  A centaur warrior (D:12)
  4 two-headed ogres
  A skeletal warrior (D:12)
  2 deep elf pyromancers (D:12)
  3 ugly things
  3 cyclopes (D:12)
  A wolf spider (D:12)
  Joseph (D:10)
  Maggie (D:10)
  4 gargoyles
  Jeremiah (D:8)
  2 unseen horrors
  2 komodo dragons
  3 trolls
  3 meliai (D:13)
  A queen bee (shapeshifter) (D:12)
  A polar bear (shapeshifter) (D:12)
  15 yaks
  3 wyverns
  5 wraiths
  A shadow (D:9)
  Eustachio (D:5)
  2 basilisks (D:13)
  A steam dragon (D:7)
  An acid dragon (D:11)
  Duvessa (D:7)
  2 water moccasins
  2 black bears (D:6)
  10 orc warriors
  2 ice beasts
  6 ogres
  3 wolves
  8 centaurs
  2 phantoms
  3 kobold brigands
  3 bullfrogs
  2 gnoll sergeants
  2 scorpions (D:5)
  8 wights
  Dowan (D:7)
  3 killer bees (D:10)
  5 electric eels (D:8)
  4 howler monkeys
  8 hounds
  5 orc priests
  2 iguanas
  Terence (D:2)
  A sleepcap (D:4)
  A gnoll bouda (D:9)
  10 orc wizards
  16 gnolls
  4 adders
  A shadow imp (D:6)
  3 white imps
  5 worms
  2 dart slugs (D:1)
  49 orcs
  9 ball pythons
  5 bats
  9 endoplasms
  A giant cockroach (D:3)
  6 goblins
  7 hobgoblins
  8 jackals
  4 quokkas
  4 frilled lizards (D:2)
  26 kobolds
  4 rats
323 creatures vanquished.

Notes
Turn   | Place    | Note
-------+----------+-------------------------------------------
     0 | D:1      | greenreed the Minotaur Fighter began the quest for the Orb.
     0 | D:1      | Reached XP level 1. HP: 19/19 MP: 0/0
    85 | D:1      | Reached XP level 2. HP: 26/27 MP: 1/1
   225 | D:1      | Reached skill level 4 in Fighting
   386 | D:1      | Reached XP level 3. HP: 29/33 MP: 2/2
   861 | D:2      | Noticed Terence
   872 | D:2      | Killed Terence
   873 | D:2      | Reached XP level 4. HP: 32/40 MP: 3/3
  1046 | D:2      | Identified the ring of Xoitisok {Fly rPois}
  1487 | D:3      | Identified the "Vob Vama"
  1786 | D:3      | Reached XP level 5. HP: 46/47 MP: 4/4
  1801 | D:3      | Noticed an ogre
  1807 | D:3      | HP: 1/47 [ogre/+0 giant spiked club (26)]
  1809 | D:3      | Killed an ogre
  1810 | D:3      | Reached skill level 5 in Fighting
  2121 | D:3      | Found Zeh Ohed's Jewellery Shop.
  2460 | D:4      | Reached skill level 5 in Shields
  2460 | D:4      | Reached XP level 6. HP: 44/56 MP: 5/5
  2569 | D:4      | Reached skill level 5 in Armour
  2879 | D:4      | Found Ziku's Armour Shoppe.
  3028 | D:4      | Found a runed translucent gate.
  3029 | D:4      | Noticed TheFist's ghost (weakling OpSh)
  3030 | D:4      | Found a runed translucent gate.
  3032 | D:4      | Found a runed translucent gate.
  3070 | D:5      | Entered Level 5 of the Dungeon
  3080 | D:5      | Reached skill level 5 in Maces & Flails
  3181 | D:5      | Reached skill level 6 in Fighting
  3181 | D:5      | Reached XP level 7. HP: 63/63 MP: 6/6
  3260 | D:5      | Found a staircase to the Ecumenical Temple.
  3272 | Temple   | Entered the Ecumenical Temple
  3283 | Temple   | Became a worshipper of the Wu Jian Council
  3430 | D:5      | Reached skill level 7 in Fighting
  3546 | D:5      | Noticed Eustachio
  3551 | D:5      | Killed Eustachio
  3552 | D:5      | Reached XP level 8. HP: 73/73 MP: 7/7
  3924 | D:6      | Reached * piety under Wu Jian
  3970 | D:6      | Reached skill level 8 in Fighting
  4627 | D:6      | You are sucked into a shaft and drop 1 floor!
  4636 | D:7      | Reached XP level 9. HP: 69/82 MP: 8/8
  4788 | D:6      | Reached skill level 9 in Fighting
  4973 | D:7      | Reached ** piety under Wu Jian
  4975 | D:7      | Noticed Dowan
  4977 | D:7      | Noticed Duvessa
  4990 | D:7      | Killed Duvessa
  4994 | D:7      | Killed Dowan
  5582 | D:7      | Found a shimmering blue altar of Sif Muna.
  5582 | D:7      | Found a white marble altar of Elyvilon.
  5641 | D:7      | Found an iron altar of Okawaru.
  5642 | D:7      | Found a radiant altar of Vehumet.
  5644 | D:7      | Found a blossoming altar of Fedhas.
  5645 | D:7      | Found an opulent altar of Gozag.
  5647 | D:7      | Found a hazy altar of Hepliaklqana.
  5652 | D:7      | Found a shimmering altar of Xom.
  5668 | D:7      | Reached skill level 10 in Fighting
  6614 | D:8      | Noticed a troll
  6748 | D:8      | Reached skill level 10 in Maces & Flails
  6820 | D:8      | Reached XP level 10. HP: 81/94 MP: 9/9
  6835 | D:8      | Reached *** piety under Wu Jian
  6854 | D:8      | Reached skill level 11 in Fighting
  7187 | D:8      | Found a staircase to the Lair.
  7190 | D:8      | Noticed Jeremiah
  7625 | D:8      | Killed Jeremiah
  8151 | D:9      | Noticed a catoblepas
  8162 | D:9      | Killed a catoblepas
  8300 | D:9      | Found a burning altar of Makhleb.
  8523 | D:9      | Reached skill level 12 in Fighting
  9321 | D:10     | Entered Level 10 of the Dungeon
  9351 | D:10     | Reached **** piety under Wu Jian
  9507 | D:10     | Reached XP level 11. HP: 85/104 MP: 10/10
  9589 | D:10     | Noticed Maggie
  9600 | D:10     | Killed Maggie
  9762 | D:10     | Found the +18 Lear's hauberk
  9844 | D:10     | Noticed Snorg
  9865 | D:10     | Killed Snorg
  9927 | D:10     | Noticed a two-headed ogre
  9933 | D:10     | Killed a two-headed ogre
  9950 | D:10     | Noticed Joseph
  9960 | D:10     | Killed Joseph
  9961 | D:10     | Reached skill level 13 in Fighting
 10189 | D:10     | Identified the +1 cloak of the Earth {Will+}
 10399 | D:11     | Noticed a two-headed ogre
 10408 | D:11     | Killed a two-headed ogre
 10456 | D:11     | Reached skill level 10 in Shields
 10471 | D:11     | Reached skill level 10 in Armour
 10608 | D:11     | Found a staircase to the Orcish Mines.
 10762 | D:11     | Noticed a two-headed ogre
 10782 | D:11     | Killed a two-headed ogre
 10783 | D:11     | Reached skill level 14 in Fighting
 11369 | D:12     | Identified the "Ocwen"
 11406 | D:12     | Reached XP level 12. HP: 109/118 MP: 11/11
 11572 | D:12     | Reached ***** piety under Wu Jian
 11760 | D:12     | Found a shimmering blue altar of Sif Muna.
 11946 | D:12     | Noticed a centaur warrior
 11953 | D:12     | Reached skill level 15 in Fighting
 11953 | D:12     | Killed a centaur warrior
 12473 | D:13     | Noticed a two-headed ogre
 12493 | D:13     | Killed a two-headed ogre
 12495 | D:13     | Reached skill level 16 in Fighting
 12515 | D:13     | Noticed a boulder beetle
 12532 | D:13     | Mangled by a boulder beetle

Illustrated notes

Levels and vault maps discovered:
D:1:      minmay_arrival_four_circles, layout_basic, serial_rivers,
          chequers_serial_rivers_micro_e, chequers_serial_rivers_micro_c,
          chequers_serial_rivers_small_3, chequers_serial_rivers_micro_c,
          chequers_serial_rivers_micro_e, nicolae_wormholes
D:2:      layout_rooms, chequers_arboretum, uniq_terence
D:3:      layout_loops_ring, serial_shops, shop, minivault_19
D:4:      layout_gridville, serial_shops, shop, gammafunk_ghost_nasty_kobolds,
          nicolae_zen_rock_garden
D:5:      layout_basic, temple_statues, uniq_eustachio
D:6:      black_bear_nest_1, layout_rooms, amcnicky_mini_corridor_feature,
          chequers_mini_garden, fountainhead
D:7:      layout_layer_cave, nicolae_overflow_hallway_of_the_gods, uniq_duvessa
D:8:      cheibrodos_quashed, layout_gridville, erik_lair_island, uniq_jeremiah
D:9:      layout_layer_cave, bloody_makhleb
D:10:     layout_irregular_city, uniq_maggie, uniq_snorg, uniq_joseph
D:11:     layout_roguey [special_room_orc], orc_0_dummy, minivault_5,
          dreamdust_wishing_well
D:12:     minmay_open_boxes_in_corner, layout_irregular_city, led_sif_book
D:13:     layout_cross, gauntlet_entry_generic,
          nicolae_guarded_unrand_storm_shield
Temple:   nicolae_temple_god_jail

Skill      XL: |  1  2  3  4  5  6  7  8  9 10 11 12 |
---------------+-------------------------------------+-----
Fighting       | 4 5 6 7 8 10 12 14 16 | 16.2
Armour         | 4 5 6 8 9 10 11 | 11.9
Shields        | 4 5 6 8 9 10 11 | 11.9
Maces & Flails | 3 4 5 6 8 10 11 12 | 12.3

Action                     |  1- 3 |  4- 6 |  7- 9 | 10-12 || total
---------------------------+-------+-------+-------+-------++-------
  Melee: Flail             |    68 |   152 |   232 |       ||   452
         Headbutt          |     6 |    22 |    62 |   181 ||   271
         Whip              |       |       |   108 |   733 ||   841
Ability: Lunge             |       |       |    18 |    38 ||    56
         Whirlwind         |       |       |    42 |   124 ||   166
  Evoke: Wand              |       |       |       |     7 ||     7
    Use: Potion            |       |     1 |       |     2 ||     3
 Armour: Scale mail        |    40 |    13 |       |       ||    53
         Chain mail        |       |   109 |   245 |   292 ||   646
         Plate armour      |       |       |       |    85 ||    85
  Dodge: Dodged            |    35 |    52 |    95 |   134 ||   316
  Block: Buckler           |    20 |    29 |    66 |   104 ||   219
         Form:             |       |       |       |     1 ||     1
         Beast             |       |       |       |     1 ||     1

Table legend: (Time is in decaauts)
 A = Elapsed time spent in this place.
 B = Non-inter-level travel time spent in this place.
 C = Inter-level travel time spent in this place.
 D = Time resting spent in this place.
 E = Time spent auto-exploring this place.
 F = Levels seen in this place.
 G = Mean time per level.
                   A        B        C        D        E       F      G
               +--------+--------+--------+--------+--------+-----+--------+
         Total |  12385 |  12074 |    311 |   1354 |   8631 |  14 |  884.6 |
       Dungeon |  12364 |  12071 |    293 |   1354 |   8631 |  13 |  951.1 |
        Temple |     20 |      2 |     18 |      0 |      0 |   1 |   20.0 |
               +--------+--------+--------+--------+--------+-----+--------+

Top non-repeatable levels by time:
     D:8: 1498 daAuts
     D:9: 1364 daAuts
     D:7: 1362 daAuts
     D:6: 1302 daAuts
    D:12: 1036 daAuts
    D:11: 982 daAuts
     D:3: 929 daAuts
     D:1: 925 daAuts
    D:10: 863 daAuts
     D:5: 760 daAuts
     D:4: 670 daAuts
     D:2: 603 daAuts
    D:13: 63 daAuts
  Temple: 20 daAuts
